AoeStats
← SebastianCiv

Arabia

509748843Analyzed
1v1 RM · 4d ago on Sep 27, 2026· 30m 2s· 2 players
Game mode
Random Map
Map size
Tiny (2 player)
Population
200
Speed
Normal
Resources
Standard
Victory
Conquest
Starting age
Dark Age
Ending age
Imperial Age
RankedLock teamsTeams togetherTeam positionsShared explorationLock speedFull tech treeHidden civsTurbo modeCheats
Victory
Defeat
🇺🇾 Mongols · Uruguay
680
+19
🇪🇸 Ethiopians · Spain
736
-19
SebastianCiv
5:40 Loom
14:03 Feudal Age
15:37 Wheelbarrow
14:45 Horse Collar
14:55 Double-Bit Axe
14:45 Man-at-Arms
18:45 Forging
22:00 Scale Barding Armor
25:03 Castle Age
23:45 Bloodlines
24:30 Gold Mining
29:16 Iron Casting
29:03 Chain Barding Armor
28:46 Husbandry
30:00 Hand Cart
Michi3052
11:21 Feudal Age
11:56 Loom
13:33 Double-Bit Axe
22:39 Castle Age
22:44 Crossbowman
23:40 Fletching
23:51 Padded Archer Armor
24:47 Bow Saw
24:37 Bodkin Arrow
27:07 Thumb Ring
27:56 Wheelbarrow
28:45 Town Watch
Connection lost

Rejoining the realm…

Still unreachable

The connection could not be restored.

Session expired

The server has moved on; the page needs a fresh start.